 Dungeon Crawl Stone Soup version 0.27-a0-607-g1ad3dbde53 (webtiles) character file.

Game seed: 15319224563917234731

11 Essalna the Digger (level 2, -1/15 HPs)
             Began as a Gargoyle Earth Elementalist on Mar 13, 2021.
             Slain by a gnoll
             ... wielding a +0 club
              (5 damage)
             ... on level 2 of the Dungeon.
             The game lasted 00:02:13 (578 turns).

Essalna the Digger (Gargoyle Earth Elementalist)     Turns: 578, Time: 00:02:14

Health: -1/15      AC:  5    Str: 11    XL:     2   Next: 29%
Magic:  4/5        EV: 11    Int: 15    God:
Gold:   31         SH:  0    Dex: 10    Spells: 4/5 levels left

rFire    . . .     SeeInvis .   g - +0 dagger (venom)
rCold    . . .     Faith    .   (no shield)
rNeg     + . .     Spirit   .   c - +0 robe
rPois    ∞         Reflect  .   (no helmet)
rElec    +         Harm     .   (no cloak)
rCorr    .         Rampage  .   (no gloves)
Will     .....                  d - +0 pair of boots
Stlth    ++........             (no amulet)
HPRegen  0.05/turn              (no ring)
MPRegen  0.09/turn              (no ring)

@: no status effects
A: negative energy resistance 1, electricity resistance, torment resistance 1,
unbreathing 1, petrification resistance, AC +2
a: no special abilities


You were on level 2 of the Dungeon.
You visited 1 branch of the dungeon, and saw 2 of its levels.

You collected 31 gold pieces.

Inventory:

Hand Weapons
 g - a +0 dagger of venom (weapon)
Missiles
 b - 52 stones
Armour
 c - a +0 robe (worn)
 d - a +0 pair of boots (worn)
Scrolls
 a - a scroll of fear {unknown}
Potions
 e - a potion of curing {unknown}
 f - a potion of haste {unknown}


   Skills:
 - Level 1.5 Dodging
 - Level 2.1 Stealth
 + Level 2.2 Spellcasting
 + Level 1.1 Transmutations
 + Level 3.9 Earth Magic


You had 4 spell levels left.
You knew the following spells:

 Your Spells              Type           Power      Damage    Failure   Level
a - Sandblast             Erth           26%        2d8       4%          1

Your spell library contained the following spells:

 Spells                   Type           Power      Damage    Failure   Level
 Passwall                 Tmut/Erth      7%         N/A       12%         2
 Stone Arrow              Conj/Erth      14%        3d7       28%         3
 Petrify                  Tmut/Erth      9%         N/A       58%         4
 Lee's Rapid Deconstruct  Erth           6%         3d7*      75%         5


Dungeon Overview and Level Annotations

Branches:
Dungeon (2/15)

Altars:


Innate Abilities, Weirdness & Mutations

Your stone body is resilient. (AC +2)
You are immune to poison.
You resist negative energy. (rN+)
You are resistant to electric shocks. (rElec)
You are resistant to unholy torment.
You can survive without breathing.
You are immune to petrification.


Message History

You see here a +0 dagger of venom.
g - a +0 dagger of venom Your +0 dagger of venom begins to drip with poison!
g - a +0 dagger of venom (weapon)
You now have 31 gold pieces (gained 7).
A bat and a goblin come into view.
A gnoll comes into view. It is wielding a +0 club.
The gnoll shouts!
You hear a shout! x2
The gnoll throws a throwing net.
The throwing net hits you.
You become entangled in the net!
You see here a throwing net.
You struggle against the net.
The bat hits you but does no damage.
You struggle against the net.
The bat closely misses you.
A gnoll comes into view. It is wielding a +0 flail.
A gnoll comes into view.
You struggle against the net.
The bat barely misses you. The goblin hits you but does no damage.
You struggle against the net.
The bat barely misses you. The goblin closely misses you.
You rip the net and break free!
The bat barely misses you. The goblin barely misses you.
You closely miss the bat. The bat barely misses you. The bat hits you.
The gnoll hits you with a +0 club. The goblin barely misses you.
You barely miss the bat. The bat closely misses you.
The gnoll closely misses you. The goblin hits you but does no damage.
The bat hits you.
You barely miss the bat. The bat hits you but does no damage.
The bat closely misses you. The gnoll hits you with a +0 club.
The bat hits you but does no damage. The bat hits you.
Casting: Sandblast (safe; 4% risk of failure)
Confirm with . or Enter, or press ? or * to list all spells.
Aiming: Sandblast (safe; 4% risk of failure)
Press: ? - help, Shift-Dir - straight line, f - gnoll
Aim: a gnoll, wielding a +0 club (18% to evade)
The blast of sand hits the gnoll.
The gnoll is moderately wounded.
The bat hits you.
* * * LOW HITPOINT WARNING * * *
The gnoll hits you with a +0 club.
You die...

... ... ..
.g## ..# #.#
..
#####g####....
#.@ggg........
#b####.####..
#. #..# #.
##.# #. #.##
#+ #..# ##.##
#..### #....#


You could see 3 gnolls, a goblin and a bat.

Vanquished Creatures
  A goblin (D:1)
  2 hobgoblins (D:1)
  4 jackals (D:2)
  A kobold (D:1)
  A rat (D:1)
9 creatures vanquished.

Notes
Turn   | Place    | Note
-------+----------+-------------------------------------------
     0 | D:1      | Essalna the Gargoyle Earth Elementalist began the quest for
                  | the Orb.
     0 | D:1      | Reached XP level 1. HP: 10/10 MP: 3/3
    65 | D:1      | Reached skill level 1 in Transmutations
   383 | D:2      | Reached XP level 2. HP: 15/15 MP: 3/5
   578 | D:2      | Slain by a gnoll

Illustrated notes

Levels and vault maps discovered:
D:1:      lemuel_arrival_behind_the_door_small, layout_rooms,
          chequers_serial_rivers_small_3
D:2:      layout_basic, amcnicky_mini_rare_corridor_liquid

Skill      XL: |  1 |
---------------+----+-----
Transmutations | 1 |  1.1
Dodging        | |  1.5
Stealth        | |  2.1
Spellcasting   | |  2.2
Earth Magic    | |  3.9

Action                   || total
-------------------------++-------
Melee: Unarmed           ||    11
       Dagger            ||     3
 Cast: Sandblast         ||    12
Armor: Robe              ||    21
Dodge: Dodged            ||    36

Table legend: (Time is in decaauts)
 A = Elapsed time spent in this place.
 B = Non-inter-level travel time spent in this place.
 C = Inter-level travel time spent in this place.
 D = Time resting spent in this place.
 E = Time spent auto-exploring this place.
 F = Levels seen in this place.
 G = Mean time per level.
                   A        B        C        D        E       F      G
               +--------+--------+--------+--------+--------+-----+--------+
         Total |    577 |    575 |      2 |      0 |    452 |   2 |  288.5 |
       Dungeon |    577 |    575 |      2 |      0 |    452 |   2 |  288.5 |
               +--------+--------+--------+--------+--------+-----+--------+

Top non-repeatable levels by time:
     D:2: 414 daAuts
     D:1: 163 daAuts
